 Dungeon Sprint DCSS version 0.27-a0-277-g024f7ef292 (webtiles) character file.

Game seed: 3849358169208845316

67445 mhtbhm the Executioner (level 14, -1/158 HPs)
             Began as a Minotaur Fighter on Feb 6, 2021.
             Was the Champion of Trog.
             Slain by Mnoleg (7 damage)
             ... in the Dungeon (Sprint VII: "The Pits").
             The game lasted 00:12:25 (5639 turns).

mhtbhm the Executioner (Minotaur Fighter)           Turns: 5639, Time: 00:12:26

Health: -1/158     AC: 25    Str: 26    XL:     14   Next: 83%
Magic:  20/20      EV: 11    Int: 10    God:    Trog [******]
Gold:   26         SH: 22    Dex: 18    Spells: 13/13 levels left

rFire    . . .     SeeInvis +   a - +7 broad axe of Flawed Execution {vorpal, rElec Str-3 Dex+4 SInv}
rCold    . . .     Faith    .   c - +0 kite shield
rNeg     + + +     Spirit   .   b - +6 chain mail
rPois    +         Reflect  +   (helmet restricted)
rElec    +         Harm     .   I - +1 cloak
rCorr    .         Rampage  .   E - +0 pair of gloves of Rutunuju {Int+3}
Will     +....     NoTele   +   (no boots)
Stlth    +.........             y - amulet of Mah Reze {Reflect Str+3 Int+4 Dex+4 SH+5}
HPRegen  0.36/turn              G - ring "Hedghug" {rElec rPois rN+++ MP+9 Int-2}
MPRegen  0.17/turn              D - ring of poison resistance

@: mighty, lethally poisoned (-1 -> -8), berserk cooldown, slowed, constricted,
very slow
A: retaliatory headbutt, horns 2, low mp 1, MP-powered wands
a: Renounce Religion, Berserk, Trog's Hand, Brothers in Arms


You were in the Dungeon.
You worshipped Trog.
Trog was exalted by your worship.
You visited 1 branch You collected 26 gold pieces.

Inventory:

Hand Weapons
 a - the +7 broad axe of Flawed Execution (weapon) {vorpal, rElec Str-3 Dex+4 SInv}
   (Trog gifted it to you in the Dungeon)

   It inflicts extra damage upon your enemies.
   It affects your strength (-3).
   It affects your dexterity (+4).
   It insulates you from electricity.
   It lets you see invisible.
 m - a +7 broad axe of flaming
Missiles
 t - 4 curare-tipped darts (quivered)
 F - 13 silver javelins
Armour
 b - a +6 chain mail (worn)
 c - a +0 kite shield (worn)
 E - the +0 pair of gloves of Rutunuju (worn) {Int+3}
   (You found it in the Dungeon)

   It affects your intelligence (+3).
 I - a +1 cloak (worn)
Jewellery
 p - an uncursed amulet of faith
 y - the amulet of Mah Reze (around neck) {Reflect Str+3 Int+4 Dex+4 SH+5}
   (You found it in the Dungeon)

   [amulet of reflection]

   It shields you and reflects attacks.
   It affects your strength (+3).
   It affects your intelligence (+4).
   It affects your dexterity (+4).
   It affects your SH (+5).
 B - an uncursed ring of see invisible
 D - a ring of poison resistance (right hand)
 G - the ring "Hedghug" (left hand) {rElec rPois rN+++ MP+9 Int-2}
   (You found it in the Dungeon)

   [ring of magical power]

   It affects your intelligence (-2).
   It insulates you from electricity.
   It protects you from poison.
   It renders you almost immune to negative energy.
   It affects your magic capacity (+9).
Wands
 A - a wand of iceblast (12)
 H - a wand of paralysis (12)
Scrolls
 j - 2 scrolls of blinking
 l - 3 scrolls of remove curse
 n - a scroll of summoning
 u - 5 scrolls of enchant weapon
 v - 3 scrolls of enchant armour
 w - 2 scrolls of identify
 x - 2 scrolls of fog
 z - a scroll of fear
Potions
 d - 3 potions of might
 e - 11 potions of curing
 f - 10 potions of heal wounds
 g - 2 potions of haste
 h - 4 potions of magic
 i - 5 potions of berserk rage
 k - a potion of invisibility
 q - 2 potions of resistance
 C - a potion of flight


   Skills:
 + Level 23.9 Fighting
 + Level 26.0 Axes
 + Level 18.7 Armour
 + Level 6.9 Dodging
 + Level 9.2 Stealth
 + Level 21.8 Shields


You had 13 spell levels left.
You didn't know any spells.
Your spell library was empty.

Dungeon Overview and Level Annotations

Branches:
Dungeon (1/1)

Altars:
Cheibriados
Dithmenos
Elyvilon
Fedhas
Gozag
Hepliaklqana
Makhleb
Nemelex Xobeh
Okawaru
Qazlal
Ru
Sif Muna
Trog
Vehumet
Wu Jian
Xom
Yredelemnul
Zin
The Shining One
Beogh
Jiyva
Lugonu

Annotations:
D Mnoleg


Innate Abilities, Weirdness & Mutations

You reflexively headbutt those who attack you in melee.
You have a pair of horns on your head.
Your magical capacity is low. (-10% MP)
You expend magic power (3 MP) to strengthen your wands.


Message History

You are no longer berserk.
You are exhausted.
You feel yourself slow down.
* * * LOW HITPOINT WARNING * * *
You feel sick.
Mnoleg gestures.
Unknown command.
You feel much better.
You feel sick. You block Mnoleg's attack. x2
Mnoleg gores you but does no damage. Mnoleg kicks you but does no damage.
You block the large abomination's attack.
The tentacled monstrosity is engulfed in blessed fire.
The tentacled monstrosity tentacle-slaps you but does no damage. x3
The tentacled monstrosity grabs you.
* * * LOW HITPOINT WARNING * * *
The tentacled monstrosity constricts you.
You block Mnoleg's attack. Mnoleg tentacle-slaps you!
* * * LOW HITPOINT WARNING * * *
You feel your magical essence link to the dungeon's wands.
Mnoleg gores you!
You die... #+# ##X## #XXX#

+&XE#
#@#
#X#
#§#
#§#
#.#
#'#
#.#
#)#
#.#


You could see Mnoleg, a tentacled monstrosity (summoned), 5 large abominations
and a water elemental (strong, slow).

Vanquished Creatures
  An orb of fire (D)
  A Killer Klown (D)
  A Tzitzimitl (D)
  A Brimstone Fiend (D)
  2 ghost moths (D)
  3 ghouls (D)
  A draconian annihilator (D)
  A stone giant (D)
  An ophan (D)
  2 war gargoyles (D)
  An ettin (D)
  A merfolk javelineer (D)
  A mummy priest (D)
  A green death (D)
  A great orb of eyes (D)
  A merfolk impaler (D)
  4 naga warriors (D)
  A vault guard (D)
  A boulder beetle (D)
  A hydra (D)
  An ogre mage (D)
  A spriggan air mage (D)
  4 two-headed ogres (D)
  A catoblepas (D)
  2 death knights (D)
  A death yak (D)
  A merfolk aquamancer (D)
  An orc high priest (D)
  A soul eater (D)
  2 deep elf knights (D)
  Sonja (D)
  A sun demon (D)
  A sixfirhy (D)
  A sea snake (D)
  An iron troll (D)
  A deep troll (D)
  A flayed ghost (D)
  An unseen horror (D)
  A spriggan druid (D)
  A swamp dragon (D)
  5 orc knights (D)
  A phantasmal warrior (D)
  A lindwurm (D)
  An orc sorcerer (D)
  A wolf spider (D)
  2 elephants (D)
  A rust devil (D)
  2 black mambas (D)
  2 smoke demons (D)
  2 yaktaurs (D)
  A komodo dragon (D)
  2 efreet (D)
  2 demonic crawlers (D)
  5 merfolk (D)
  A guardian mummy (D)
  A red devil (D)
  A troll (D)
  2 hornets (D)
  5 dream sheep (D)
  5 blink frogs (D)
  4 spriggans (D)
  A water elemental (D)
  17 yaks (D)
  A fire bat (D)
  3 basilisks (D)
  A water moccasin (D)
  5 floating eyes (D)
  A hell hound (D)
  A sky beast (D)
  A necrophage (D)
  A small abomination (D)
  2 centaurs (D)
  2 ogres (D)
  An eye of draining (D)
  2 phantoms (D)
  5 killer bees (D)
  4 wights (D)
  A quasit (D)
  A hell rat (D)
  2 gnolls (D)
  A river rat (D)
  An adder (D)
  A white imp (D)
  2 orcs (D)
  A giant cockroach (D)
  3 hobgoblins (D)
  6 jackals (D)
  2 frilled lizards (D)
  A kobold (D)
169 creatures vanquished.

Vanquished Creatures (collateral kills)
  2 orc warlords (D)
  A merfolk javelineer (D)
  A boulder beetle (D)
  3 two-headed ogres (D)
  5 orc knights (D)
  3 merfolk (D)
  A water elemental (D)
16 creatures vanquished.

Vanquished Creatures (others)
  An orc knight (D)
1 creature vanquished.

Grand Total: 186 creatures vanquished

Notes
Turn   | Place    | Note
-------+----------+-------------------------------------------
     0 | D        | mhtbhm the Minotaur Fighter began the quest for the Orb.
     0 | D        | Reached XP level 1. HP: 19/19 MP: 0/0
     9 | D        | Noticed a floating eye
    12 | D        | Paralysed by a floating eye for 3 turns
    15 | D        | Killed a floating eye
    16 | D        | Reached skill level 4 in Axes
    16 | D        | Reached XP level 2. HP: 31/31 MP: 1/1
    16 | D        | Reached XP level 3. HP: 38/38 MP: 2/2
    16 | D        | Reached XP level 4. HP: 45/45 MP: 3/3
    45 | D        | Found a bloodstained altar of Trog.
    45 | D        | Found a shimmering blue altar of Sif Muna.
    45 | D        | Found a viscous altar of Jiyva.
    45 | D        | Found a hazy altar of Hepliaklqana.
    45 | D        | Found an opulent altar of Gozag.
    46 | D        | Found a glowing golden altar of the Shining One.
    46 | D        | Found a glowing silver altar of Zin.
    46 | D        | Found a basalt altar of Yredelemnul.
    46 | D        | Found a shimmering altar of Xom.
    46 | D        | Found an ornate altar of the Wu Jian Council.
    46 | D        | Found a sacrificial altar of Ru.
    46 | D        | Found a stormy altar of Qazlal.
    46 | D        | Found an iron altar of Okawaru.
    46 | D        | Found a sparkling altar of Nemelex Xobeh.
    46 | D        | Found a burning altar of Makhleb.
    46 | D        | Found a blossoming altar of Fedhas.
    46 | D        | Found a white marble altar of Elyvilon.
    46 | D        | Found a shadowy altar of Dithmenos.
    46 | D        | Found a snail-covered altar of Cheibriados.
    49 | D        | Found a corrupted altar of Lugonu.
    49 | D        | Found a radiant altar of Vehumet.
    49 | D        | Found a roughly hewn altar of Beogh.
    52 | D        | Became a worshipper of Trog the Wrathful
    72 | D        | Reached * piety under Trog
    80 | D        | Noticed a floating eye
    82 | D        | Paralysed by a floating eye for 3 turns
    85 | D        | Killed a floating eye
    86 | D        | Reached skill level 5 in Axes
    86 | D        | Reached XP level 5. HP: 53/53 MP: 4/4
    86 | D        | Reached ** piety under Trog
   156 | D        | Noticed a necrophage
   156 | D        | Noticed a phantom
   162 | D        | Reached *** piety under Trog
   163 | D        | Reached skill level 6 in Axes
   167 | D        | Killed a necrophage
   168 | D        | Reached skill level 7 in Axes
   168 | D        | Reached XP level 6. HP: 51/63 MP: 5/5
   170 | D        | Reached skill level 8 in Axes
   172 | D        | Reached **** piety under Trog
   276 | D        | Noticed an orc high priest
   284 | D        | Killed an orc high priest
   285 | D        | Reached skill level 10 in Fighting
   285 | D        | Reached skill level 10 in Axes
   285 | D        | Reached skill level 10 in Armour
   285 | D        | Reached skill level 1 in Dodging
   285 | D        | Reached skill level 10 in Shields
   285 | D        | Reached XP level 7. HP: 69/73 MP: 6/6
   285 | D        | Reached XP level 8. HP: 77/81 MP: 7/7
   288 | D        | Paralysed by a floating eye for 3 turns
   294 | D        | Reached skill level 11 in Axes
   296 | D        | Reached ***** piety under Trog
   297 | D        | Paralysed by a floating eye for 4 turns
   366 | D        | Noticed a demonic crawler
   366 | D        | Noticed a komodo dragon
   370 | D        | Received a gift from Trog
   374 | D        | Killed a komodo dragon
   375 | D        | Reached skill level 12 in Axes
   379 | D        | Killed a demonic crawler
   380 | D        | Reached skill level 13 in Axes
   643 | D        | Noticed Sonja
   651 | D        | Killed Sonja
   652 | D        | Reached XP level 9. HP: 90/90 MP: 8/8
   759 | D        | Noticed a smoke demon
   759 | D        | Noticed a boulder beetle
   767 | D        | Reached skill level 14 in Axes
   767 | D        | Killed a smoke demon
   777 | D        | Killed a boulder beetle
   778 | D        | Reached skill level 15 in Axes
  1106 | D        | Noticed a catoblepas
  1127 | D        | Killed a catoblepas
  1128 | D        | Reached skill level 1 in Stealth
  1128 | D        | Reached XP level 10. HP: 79/101 MP: 9/9
  1441 | D        | Noticed a lindwurm
  1446 | D        | Killed a lindwurm
  1456 | D        | Received a gift from Trog
  1457 | D        | Reached skill level 16 in Axes
  1457 | D        | Killed a ghost moth
  1884 | D        | Noticed a sea snake
  1895 | D        | Killed a sea snake
  1900 | D        | Reached skill level 17 in Axes
  1941 | D        | Noticed a deep troll
  1958 | D        | Killed a deep troll
  1959 | D        | Reached skill level 15 in Armour
  1959 | D        | Reached XP level 11. HP: 77/110 MP: 1/10
  2160 | D        | Noticed a flayed ghost
  2166 | D        | Killed a flayed ghost
  2166 | D        | Received a gift from Trog
  2383 | D        | Reached ****** piety under Trog
  2406 | D        | Received a gift from Trog
  2412 | D        | Killed an unseen horror
  2473 | D        | Reached skill level 15 in Shields
  2478 | D        | Reached skill level 18 in Axes
  2489 | D        | Noticed a phantasmal warrior
  2493 | D        | Killed a phantasmal warrior
  2494 | D        | Reached skill level 15 in Fighting
  2496 | D        | Received a gift from Trog
  2709 | D        | Noticed a boulder beetle
  2716 | D        | Killed a boulder beetle
  2933 | D        | Noticed a five-headed hydra
  2937 | D        | Killed a three-headed hydra
  2938 | D        | Reached skill level 19 in Axes
  2980 | D        | Noticed a sun demon
  2988 | D        | Killed a sun demon
  2989 | D        | Reached skill level 5 in Dodging
  2991 | D        | Received a gift from Trog
  3003 | D        | Reached XP level 12. HP: 122/122 MP: 11/11
  3003 | D        | Noticed a death yak
  3007 | D        | Received a gift from Trog
  3008 | D        | Reached skill level 20 in Axes
  3017 | D        | Killed a death yak
  3140 | D        | Got the amulet of Mah Reze {Reflect Str+3 Int+4 Dex+4 SH+5}
  3210 | D        | Got a dazzling broad axe {god gift}
  3211 | D        | Identified the +7 broad axe of Flawed Execution {vorpal,
                  | rElec Str-3 Dex+4 SInv} (Trog gifted it to you in the
                  | Dungeon)
  3274 | D        | Noticed a death knight
  3274 | D        | Noticed a death knight
  3274 | D        | Noticed a stone giant
  3274 | D        | Noticed a mummy priest
  3274 | D        | Noticed a merfolk aquamancer
  3279 | D        | Killed a merfolk aquamancer
  3279 | D        | Received a gift from Trog
  3283 | D        | Killed a stone giant
  3286 | D        | Killed a death knight
  3287 | D        | Killed a death knight
  3291 | D        | Killed a mummy priest
  3653 | D        | Noticed a Killer Klown
  3668 | D        | Killed a Killer Klown
  3668 | D        | Received a gift from Trog
  3669 | D        | Reached skill level 21 in Axes
  3757 | D        | Noticed a spriggan air mage
  3760 | D        | Killed a spriggan air mage
  3805 | D        | Noticed an orb of fire
  3805 | D        | Gained mutation: Your magical capacity is low. (-10% MP)
                  | [an orb of fire]
  3811 | D        | Killed an orb of fire
  3812 | D        | Reached skill level 22 in Axes
  3812 | D        | Reached XP level 13. HP: 83/138 MP: 10/10
  4154 | D        | Noticed a war gargoyle
  4159 | D        | Killed a war gargoyle
  4375 | D        | Received a gift from Trog
  4382 | D        | Noticed a ghost moth
  4386 | D        | Killed a ghost moth
  4390 | D        | Received a gift from Trog
  4393 | D        | Noticed a merfolk javelineer
  4400 | D        | Reached skill level 23 in Axes
  4406 | D        | Received a gift from Trog
  4409 | D        | Killed a merfolk javelineer
  4417 | D        | Received a gift from Trog
  4428 | D        | Received a gift from Trog
  4459 | D        | Got a brightly glowing war axe {god gift}
  4461 | D        | Got the ring "Hedghug" {rElec rPois rN+++ MP+9 Int-2}
  4477 | D        | Identified the +0 war axe "Rityam" {vorpal, +Inv rF+ Int-3
                  | SInv} (Trog gifted it to you in the Dungeon)
  4558 | D        | Reached skill level 5 in Stealth
  4853 | D        | Noticed a merfolk javelineer
  4853 | D        | Noticed an orc warlord
  4854 | D        | Noticed an orc warlord
  4855 | D        | Received a gift from Trog
  4862 | D        | Killed a merfolk javelineer
  4862 | D        | Received a gift from Trog
  4863 | D        | Reached skill level 24 in Axes
  4868 | D        | Killed an orc warlord
  4869 | D        | Reached XP level 14. HP: 152/152 MP: 11/11
  4874 | D        | Received a gift from Trog
  4875 | D        | Killed an orc warlord
  5089 | D        | Received a gift from Trog
  5091 | D        | Noticed a ghoul
  5091 | D        | Noticed a ghoul
  5091 | D        | Noticed a ghoul
  5106 | D        | Killed a ghoul
  5107 | D        | Killed a ghoul
  5107 | D        | Received a gift from Trog
  5109 | D        | Killed a ghoul
  5110 | D        | Reached skill level 25 in Axes
  5300 | D        | Received a gift from Trog
  5382 | D        | Found the +5 robe of Night {Dark Will+ SInv}
  5385 | D        | Got the cursed +0 pair of gloves of Rutunuju {Int+3}
  5611 | D        | Noticed Mnoleg
  5611 | D        | Noticed a Brimstone Fiend
  5611 | D        | Noticed a war gargoyle
  5611 | D        | Noticed a Tzitzimitl
  5611 | D        | Noticed an ophan
  5611 | D        | Noticed a red draconian annihilator
  5615 | D        | Killed a red draconian annihilator
  5615 | D        | Received a gift from Trog
  5620 | D        | Killed a war gargoyle
  5625 | D        | HP: 9/235 [Tzitzimitl (14)]
  5628 | D        | Killed an ophan
  5630 | D        | Killed a Tzitzimitl
  5630 | D        | Killed a Brimstone Fiend
  5631 | D        | Reached skill level 26 in Axes
  5636 | D        | HP: 8/237 [Mnoleg/bolt of poison (4)]
  5639 | D        | Noticed a tentacled monstrosity
  5639 | D        | Gained mutation: You expend magic power (3 MP) to
                  | strengthen your wands. [Mnoleg's mutagenic touch]
  5639 | D        | Slain by Mnoleg

Illustrated notes

Levels and vault maps discovered:
D:        pitsprint [storerooms_1, entrance_room_1, metal_vault_5, armoury_2,
          mini_pit_1, grid_room_1, main_hall_1, silver_pit, the_coven_1,
          the_vestibule_1, steel_vault_1, golden_pit, hallway_of_sentries,
          crystal_vault_4, iron_vault_4, final_vault]

Skill      XL: |  1  2  3  4  5  6  7  8  9 10 11 12 13 14 |
---------------+-------------------------------------------+-----
Fighting       | 6 8 9 10 12 13 14 16 19 21 23 | 23.9
Axes           | 4 5 7 10 13 15 17 19 22 24 26 | 26.0
Armour         | 6 8 9 10 12 13 15 16 17 18 | 18.7
Shields        | 7 8 9 10 12 13 14 16 17 19 21 | 21.8
Dodging        | 1 2 4 5 6 |  6.9
Stealth        | 1 4 6 9 |  9.2

Action                   |  1- 3 |  4- 6 |  7- 9 | 10-12 | 13-15 || total
-------------------------+-------+-------+-------+-------+-------++-------
Melee: War axe           |     3 |       |       |       |       ||     3
       Hand axe          |       |    38 |    25 |       |       ||    63
       Headbutt          |       |     5 |    15 |    37 |    42 ||    99
       Broad axe         |       |       |    25 |   155 |   160 ||   340
Invok: Berserk           |       |     1 |     4 |     9 |     5 ||    19
       Brothers in Arms  |       |       |     2 |     1 |     3 ||     6
  Use: Potion            |       |       |       |     1 |     3 ||     4
       Scroll            |       |       |       |       |     1 ||     1
 Stab: Petrified         |       |       |     3 |       |       ||     3
       Invisible         |       |       |       |       |     9 ||     9
Armor: Scale mail        |       |     4 |       |       |       ||     4
       Plate armour      |       |    18 |    22 |       |       ||    40
       Chain mail        |       |       |    13 |    76 |    34 ||   123
Dodge: Dodged            |       |     6 |    11 |    30 |    33 ||    80
Block: Kite shield       |       |    18 |    28 |   106 |   128 ||   280
       Reflection        |       |       |       |     1 |     4 ||     5

Table legend: (Time is in decaauts)
 A = Elapsed time spent in this place.
 B = Non-inter-level travel time spent in this place.
 C = Inter-level travel time spent in this place.
 D = Time resting spent in this place.
 E = Time spent auto-exploring this place.
 F = Levels seen in this place.
 G = Mean time per level.
                   A        B        C        D        E       F      G
               +--------+--------+--------+--------+--------+-----+--------+
         Total |   5689 |   5600 |     89 |   3803 |     33 |   1 | 5689.0 |
       Dungeon |   5689 |   5600 |     89 |   3803 |     33 |   1 | 5689.0 |
               +--------+--------+--------+--------+--------+-----+--------+

Top non-repeatable levels by time:
       D: 5689 daAuts
